 Dungeon Crawl Stone Soup version 0.21.1-1-g345015fe64 (webtiles) character file.

63359 Loge the Severer (level 14, -4/132 HPs)
             Began as a Minotaur Berserker on July 14, 2018.
             Was a High Priest of Trog.
             Slain by a skeletal warrior
             ... wielding a +0 halberd
             ... led by a skeletal warrior
              (8 damage)
             ... on level 13 of the Dungeon.
             The game lasted 00:59:35 (22389 turns).

Loge the Severer (Minotaur Berserker)              Turns: 22389, Time: 00:59:36

Health: -4/132     AC: 19    Str: 23    XL:     14   Next: 67%
Magic:  4/4        EV: 12    Int:  4    God:    Trog [*****.]
Gold:   1606       SH: 23    Dex: 14    Spells: 13/13 levels left

rFire    . . .     SeeInvis .   a - +4 broad axe (antimagic)
rCold    . . .     Gourm    .   w - +0 large shield
rNeg     + . .     Faith    .   K - +0 plate armour
rPois    .         Spirit   .   V - +2 hat
rElec    .         Reflect  +   (no cloak)
rCorr    .         Harm     .   (no gloves)
MR       +++..                  s - +0 pair of boots (curse)
Stlth    ..........             o - +4 amulet of reflection
HPRegen  1.00/turn              G - +3 ring of evasion
MPRegen  0.09/turn              U - ring of positive energy

@: lethally poisoned (-4 -> -7), recuperating, diseased, slowed, very slow
A: retaliatory headbutt, horns 2, no potion heal 1
a: Berserk, Trog's Hand, Brothers in Arms, Burn Spellbooks, Renounce Religion


You were on level 13 of the Dungeon.
You worshipped Trog.
Trog was extremely pleased with you.
You were hungry.

You visited 2 branches of the dungeon, and saw 20 of its levels.
You also visited: Sewer and Volcano.

You collected 1606 gold pieces.

Inventory:

Hand Weapons
 a - a +4 antimagic broad axe (weapon)
Missiles
 i - 651 stones (quivered)
 v - 9 tomahawks
 H - 4 throwing nets
 Q - 4 javelins
Armour
 s - a cursed +0 pair of boots (worn)
 w - a +0 large shield (worn)
 K - a +0 plate armour (worn)
 V - a +2 hat (worn)
Jewellery
 f - the ring "Ezunloy" {+Inv +Fly rPois Str-3 Dex+2}
   (You found it on level 2 of the Lair of Beasts)

   [ring of strength]

   It affects your strength (-3).
   It affects your dexterity (+2).
   It protects you from poison.
   It lets you turn invisible.
   It lets you fly.
 o - a +4 amulet of reflection (around neck)
 G - a +3 ring of evasion (left hand)
 L - an uncursed ring of ice {unknown}
 U - a ring of positive energy (right hand)
Wands
 d - a wand of acid (9)
 h - a wand of iceblast (23)
 m - a wand of disintegration (10)
 r - a wand of random effects (47)
 t - a wand of paralysis (16)
 D - a wand of flame (67)
 J - a wand of scattershot (9)
 N - a wand of enslavement (9)
 P - a wand of clouds (10)
Scrolls
 g - 10 scrolls of remove curse
 j - 5 scrolls of teleportation
 l - 2 scrolls of enchant armour {unknown}
 n - 5 scrolls of magic mapping
 p - 5 scrolls of fog
 q - a scroll of holy word {unknown}
 y - 3 scrolls of blinking
 A - a scroll of fear
 C - a scroll of silence {unknown}
 M - 4 scrolls of enchant weapon {unknown}
 O - a scroll of brand weapon {unknown}
 R - 2 scrolls of torment {unknown}
 T - 2 scrolls of vulnerability {unknown}
 Y - 4 scrolls of identify
Potions
 b - a potion of degeneration {unknown}
 e - 4 potions of resistance
 k - 6 potions of lignification
 u - 2 potions of heal wounds
 x - 6 potions of curing
 z - 3 potions of ambrosia
 B - 3 potions of might
 E - a potion of flight
 F - 2 potions of brilliance
 I - 2 potions of mutation {unknown}
 S - a potion of invisibility {unknown}
 X - 3 potions of haste {unknown}
 Z - 4 potions of agility {unknown}
Comestibles
 c - 26 rations
 W - 9 chunks of flesh


   Skills:
 + Level 14.1 Fighting
 + Level 17.5 Axes
 + Level 13.8 Armour
 + Level 8.1 Dodging
 + Level 13.3 Shields


You had 13 spell levels left.
You didn't know any spells.

Dungeon Overview and Level Annotations

Branches:
Dungeon (14/15)            Temple (0/1) D:7            Lair (6/6) D:10
 Shoals (0/4) Lair:4        Snake (0/4) Lair:2        Slime (0/5) Lair:6
    Orc (0/2) D:11         Vaults (0/5) D:13

Altars:
Dithmenos
Gozag
Hepliaklqana
Makhleb
Qazlal
Ru
Sif Muna
Trog
Uskayaw
Wu Jian
Yredelemnul
Zin
Jiyva

Shops:
D:6 (   D:10 }

Portals:
Hell: Lair:6
Trove: D:13 (give +6 demon trident)

Annotations:
D:12 Psyche
D:13 exclusion: upstairs
Lair:2 exclusion: downstairs
Lair:6 exclusion: oklob plant


Innate Abilities, Weirdness & Mutations

You reflexively headbutt those who attack you in melee.
You have a pair of horns on your head.
Potions are less effective at restoring your health.


Message History

The skeletal warrior hits you with a short sword!
* * * LOW HITPOINT WARNING * * *
The skeletal warrior hits you with a halberd.
* * * LOW HITPOINT WARNING * * *
You block the centaur warrior's attack.
The skeletal warrior completely misses you.
The skeletal warrior hits you but does no damage.
The centaur closely misses you. You furiously retaliate!
You headbutt the centaur!
The skeletal warrior hits you with a long sword!
* * * LOW HITPOINT WARNING * * *
Okay, then.
As you read the scroll labeled ZUMEUG TAGH, it crumbles to dust.
You assume a fearsome visage.
The centaur looks frightened!
The centaur warrior looks frightened!
The skeletal warrior is unaffected. x4
It was a scroll of fear.
* * * LOW HITPOINT WARNING * * *
You feel sick.
The skeletal warrior hits you with a halberd!
You die...

.....##.........#####.........#..
...#.##.........# #.........##.
.<.#.##.........# #..<......###
...#.##.........# #######.###
...#..'.........# ####..#
...####.........# #....## #.##
######.#### #.#### ..#
######...z### #.# #####
#........z@z# ##'##### ....#
#.........z.# #......# ....#
#...?...c..c# #......# ....#
#...........####......##### ....#
#.............##......'....
....###...........#.##......#####
....#[(...........#..+......#
......#...........####......#
....####.########## #####'##


You could see 4 skeletal warriors, a centaur warrior (fleeing) and a centaur
(fleeing).

Vanquished Creatures
  Gastronok (Lair:3)
  Snorg (D:10)
  Harold (Lair:3)
  4 vault guards (D:13)
  A catoblepas (Lair:6)
  4 hydras
  A centaur warrior (D:13)
  4 two-headed ogres
  4 death yaks (Lair:6)
  Urug (D:10)
  A sixfirhy (Lair:6)
  An unseen horror (D:13)
  2 skeletal warriors (D:13)
  The ghost of Peloso the Slasher, a novice MiFi (D:7)
  An orc sorcerer (Volcano)
  A manticore (D:12)
  6 ugly things
  2 cyclopes (D:11)
  9 elephants
  3 black mambas (Lair:6)
  2 molten gargoyles
  2 smoke demons
  8 spiny frogs
  7 komodo dragons
  4 orange demons
  6 rime drakes
  A kobold demonologist (D:13)
  An efreet (D:13)
  A tengu conjurer (D:13)
  A red devil (Lair:6)
  A troll (D:13)
  21 blink frogs
  A snapping turtle (Lair:4)
  12 hippogriffs
  The ghost of raetorn the Sneak, an amateur VSBe of Trog (D:3)
  2 wraiths
  38 yaks
  2 wyverns
  A fire elemental (D:12)
  2 basilisks
  3 fire bats (Lair:5)
  4 vampire mosquitoes (D:12)
  4 hungry ghosts
  2 nagas (Lair:2)
  5 hell hounds (Lair:6)
  5 porcupines
  5 water moccasins
  3 sky beasts
  6 orc warriors
  A black bear (D:9)
  8 ice beasts
  5 ogres
  16 wolves
  14 crocodiles
  6 centaurs
  6 big kobolds
  9 bullfrogs
  A water moccasin zombie (D:8)
  2 scorpions (D:13)
  The ghost of SirChikenkiller the Chopper, a weakling MiBe of Trog (D:4)
  5 killer bees (D:11)
  A howler monkey (D:7)
  10 wights
  3 electric eels
  6 crimson imps
  5 lava snakes (D:12)
  A bullfrog zombie (D:12)
  2 centaur zombies
  2 quasits
  10 orc priests
  5 hounds
  3 jellies
  2 bullfrog skeletons
  2 centaur skeletons (D:6)
  10 orc wizards
  Terence (D:2)
  7 iguanas
  Ijyb (D:2)
  7 worker ants
  A hound zombie (D:6)
  2 hound skeletons (D:11)
  A worker ant zombie (D:8)
  13 adders
  3 river rats (Sewer)
  3 shadow imps
  An ooze (Sewer)
  3 adder skeletons
  4 worms
  2 dart slugs (D:1)
  5 leopard geckos
  34 orcs
  3 ball pythons
  9 bats
  8 giant cockroaches
  12 goblins
  6 hobgoblins (D:1)
  6 jackals
  20 kobolds
  8 quokkas
  6 frilled lizards
  A jackal skeleton (D:3)
  3 quokka skeletons
  7 rats
  7 fungi
520 creatures vanquished.

Vanquished Creatures (collateral kills)
  Rupert (Lair:3)
  2 hydras
  A wizard (Lair:6)
  An ugly thing (Volcano)
  2 blink frogs (Lair:4)
  A crocodile (Lair:4)
8 creatures vanquished.

Vanquished Creatures (others)
  A cyclops (D:13)
  A meliai zombie (D:13)
  2 centaurs (D:13)
  A bush (Lair:6)
  27 fungi
  15 plants
47 creatures vanquished.

Grand Total: 575 creatures vanquished

Notes
Turn   | Place    | Note
-------+----------+-------------------------------------------
     0 | D:1      | Loge the Minotaur Berserker began the quest for the Orb.
     0 | D:1      | Reached XP level 1. HP: 19/19 MP: 0/0
   190 | D:1      | Reached XP level 2. HP: 27/27 MP: 1/1
   224 | D:1      | Reached skill level 4 in Axes
   557 | D:1      | Reached ** piety under Trog
   568 | D:1      | Reached XP level 3. HP: 31/33 MP: 2/2
  1163 | D:2      | Found a deep blue altar of Sif Muna.
  1290 | D:2      | Noticed Terence
  1299 | D:2      | Killed Terence
  1299 | D:2      | Reached XP level 4. HP: 40/40 MP: 3/3
  1476 | D:2      | Noticed a dagger
  1476 | D:2      | Noticed a dagger
  1477 | D:2      | Found a hide-covered altar of Uskayaw.
  1612 | D:2      | Noticed Ijyb
  1621 | D:2      | Killed Ijyb
  1621 | D:2      | Reached skill level 5 in Axes
  2061 | D:3      | Found a shadowy altar of Dithmenos.
  2110 | D:3      | Found a stormy altar of Qazlal.
  2126 | D:3      | Noticed raetorn's ghost (amateur VSBe)
  2139 | D:3      | Killed raetorn's ghost
  2139 | D:3      | Reached XP level 5. HP: 47/47 MP: 4/4
  2139 | D:3      | Reached XP level 6. HP: 55/55 MP: 5/5
  2223 | D:3      | Reached skill level 5 in Fighting
  2223 | D:3      | Reached skill level 6 in Axes
  2411 | D:3      | Reached *** piety under Trog
  2728 | D:4      | Found a bloodstained altar of Trog.
  2851 | D:4      | Found an ornate altar of the Wu Jian Council.
  2859 | D:4      | Found a glowing drain.
  2876 | Sewer    | Entered a sewer
  2911 | Sewer    | Reached skill level 1 in Shields
  3011 | Sewer    | Reached XP level 7. HP: 61/61 MP: 6/6
  3245 | Sewer    | Reached skill level 7 in Axes
  3340 | Sewer    | Reached skill level 5 in Armour
  3985 | D:4      | Found an opulent altar of Gozag.
  3985 | D:4      | Noticed SirChikenkiller's ghost (weakling MiBe)
  4002 | D:4      | Killed SirChikenkiller's ghost
  4369 | D:5      | Entered Level 5 of the Dungeon
  4376 | D:5      | Reached XP level 8. HP: 70/70 MP: 7/7
  4386 | D:5      | Reached skill level 8 in Axes
  4769 | D:6      | Reached **** piety under Trog
  4776 | D:6      | Reached skill level 9 in Axes
  5042 | D:6      | Found a basalt altar of Yredelemnul.
  5098 | D:6      | Found a burning altar of Makhleb.
  5251 | D:6      | Found Inyrphag's Weapon Shoppe.
  5556 | D:5      | Reached XP level 9. HP: 75/79 MP: 8/8
  5585 | D:5      | Found a deep blue altar of Sif Muna.
  5620 | D:5      | Reached skill level 5 in Shields
  6037 | D:7      | Noticed Peloso's ghost (novice MiFi)
  6067 | D:7      | Killed Peloso's ghost
  6067 | D:7      | Reached skill level 10 in Axes
  6664 | D:7      | Found a staircase to the Ecumenical Temple.
  6873 | D:8      | Reached skill level 11 in Axes
  6966 | D:8      | Reached ***** piety under Trog
  7107 | D:8      | Found a sacrificial altar of Ru.
  7207 | D:8      | Reached XP level 10. HP: 90/90 MP: 9/9
  7426 | D:8      | Noticed a two-headed ogre
  7434 | D:8      | Killed a two-headed ogre
  7478 | D:8      | Found a glowing silver altar of Zin.
  7479 | D:8      | Noticed an angel
  7787 | D:9      | Found a hazy altar of Hepliaklqana.
  7884 | D:9      | Reached skill level 12 in Axes
  8309 | D:10     | Entered Level 10 of the Dungeon
  8374 | D:10     | Found Maruxyr's Gadget Boutique.
  8570 | D:10     | Found a staircase to the Lair.
  8699 | D:10     | Noticed Snorg
  8700 | D:10     | Noticed Urug
  8714 | D:10     | Killed Snorg
  8715 | D:10     | Killed Urug
  8837 | D:10     | Found an ornate altar of the Wu Jian Council.
  9388 | D:10     | Noticed a two-headed ogre
  9396 | D:10     | Killed a two-headed ogre
  9396 | D:10     | Reached skill level 13 in Axes
  9396 | D:10     | Reached XP level 11. HP: 54/99 MP: 10/10
  9649 | Lair:1   | Entered Level 1 of the Lair of Beasts
  9759 | Lair:1   | Reached skill level 10 in Fighting
 10562 | Lair:1   | Reached skill level 10 in Armour
 11053 | Lair:2   | Got a brightly glowing pewter ring
 11054 | Lair:2   | Identified the cursed ring "Ezunloy" {+Inv +Fly rPois Str-3 Dex+2} (You found it on level 2 of the Lair of Beasts)
 11160 | Lair:2   | Found a staircase to the Snake Pit.
 11309 | Lair:2   | Reached skill level 14 in Axes
 11313 | Lair:2   | Reached ****** piety under Trog
 11977 | Lair:3   | Received a gift from Trog
 12231 | Lair:3   | Noticed Harold
 12256 | Lair:3   | Killed Harold
 12597 | Lair:3   | Reached XP level 12. HP: 100/110 MP: 11/11
 12666 | Lair:3   | Noticed Gastronok
 12700 | Lair:3   | Killed Gastronok
 12700 | Lair:3   | Reached skill level 10 in Shields
 13165 | Lair:3   | Reached skill level 15 in Axes
 13645 | Lair:3   | Noticed Rupert
 13652 | Lair:3   | Killed Rupert
 14274 | Lair:4   | Found a staircase to the Shoals.
 14452 | Lair:4   | Noticed a four-headed hydra
 14467 | Lair:4   | HP: 1/112 [12-headed hydra (7)]
 14469 | Lair:4   | Killed a 12-headed hydra
 15190 | Lair:5   | Reached skill level 16 in Axes
 15197 | Lair:5   | Found a dark tunnel.
 15212 | Volcano  | Entered a volcano
 15329 | Volcano  | Reached XP level 13. HP: 104/118 MP: 12/12
 16467 | Lair:6   | Entered Level 6 of the Lair of Beasts
 17237 | Lair:6   | Reached skill level 5 in Dodging
 17335 | Lair:6   | Received a gift from Trog
 17880 | Lair:6   | Found a staircase to the Slime Pits.
 17881 | Lair:6   | Found a viscous altar of Jiyva.
 18345 | Lair:6   | Found a burning altar of Makhleb.
 18368 | Lair:6   | Reached skill level 17 in Axes
 18404 | Lair:6   | HP: 6/122 [poisoned by an orange demon]
 18427 | Lair:6   | HP: 5/122 [poisoned by an orange demon]
 18432 | Lair:6   | HP: 3/122 [poisoned by an orange demon]
 18807 | Lair:5   | Reached XP level 14. HP: 129/129 MP: 4/13
 18812 | Lair:5   | Received a gift from Trog
 19146 | Lair:6   | Found a gateway to Hell.
 19817 | D:11     | Found a staircase to the Orcish Mines.
 21223 | D:13     | Received a gift from Trog
 21724 | D:13     | Found a gate to the Vaults.
 21766 | D:13     | Gained mutation: Potions are less effective at restoring your health. [a neqoxec]
 22041 | D:13     | Found a portal to a secret trove of treasure.
 22302 | D:12     | Noticed Psyche
 22388 | D:13     | HP: 4/132 [skeletal warrior/long sword[a skeletal warrior] (9)]
 22389 | D:13     | Slain by a skeletal warrior

Skill      XL: |  1  2  3  4  5  6  7  8  9 10 11 12 13 14 |
---------------+-------------------------------------------+-----
Axes           | 4 5 6 7 9 11 13 14 16 17 | 17.5
Fighting       | 4 5 6 7 8 9 11 12 13 14 | 14.1
Armour         | 3 4 5 6 8 9 10 11 13 | 13.8
Dodging        | 3 6 8 |  8.1
Shields        | 1 3 4 6 8 9 11 12 13 | 13.3

Action                   |  1- 3 |  4- 6 |  7- 9 | 10-12 | 13-15 || total
-------------------------+-------+-------+-------+-------+-------++-------
Melee: Hand axe          |    64 |    14 |       |       |   525 ||   603
       Headbutt          |    13 |    18 |    76 |   147 |   220 ||   474
       War axe           |       |    79 |   402 |   629 |   204 ||  1314
       Broad axe         |       |       |       |       |   175 ||   175
Invok: Berserk           |     1 |     1 |     3 |     7 |     9 ||    21
       Brothers in Arms  |       |       |       |     2 |     2 ||     4
       Burn Spellbooks   |       |       |       |       |     2 ||     2
       Trog's Hand       |       |       |       |       |     3 ||     3
  Use: Scroll            |       |       |     1 |    15 |     2 ||    18
       Potion            |       |       |       |       |     3 ||     3
 Stab: Sleeping          |     1 |       |       |       |       ||     1
       Distracted        |       |       |       |       |     1 ||     1
       Petrified         |       |       |       |       |     1 ||     1
  Eat: Chunk             |     1 |     4 |    14 |    22 |    25 ||    66
       Ration            |       |     1 |     2 |     3 |     3 ||     9
Armor: Animal skin       |    12 |       |       |       |       ||    12
       Scale mail        |       |    46 |    23 |       |       ||    69
       Chain mail        |       |       |    98 |    11 |       ||   109
       Plate armour      |       |       |       |   177 |   231 ||   408
Dodge: Dodged            |    25 |    46 |    73 |   120 |   185 ||   449
Block: Large shield      |       |    26 |   314 |   623 |   875 ||  1838
       Reflection        |       |       |     2 |     5 |    22 ||    29
